AoeStats
← Elite Viking

Oasis

507119941Analyzed
2v2 RM · 16d ago on Sep 16, 2026· 59m 36s· 4 players
Game mode
Random Map
Map size
Medium (4 player)
Population
200
Speed
Normal
Resources
Standard
Victory
Conquest
Starting age
Dark Age
Ending age
Imperial Age
RankedLock teamsTeams togetherTeam positionsShared explorationLock speedFull tech treeHidden civsTurbo modeCheats
Victory
Defeat
🇩🇪 Mongols · Germany
967
+16
🇩🇪 Persians · Germany
967
+16
🇿🇦 Muisca · South Africa
977
-16
🇿🇦 Spanish · South Africa
971
-16
maurice.scheppeit
12:25 Feudal Age
10:41 Loom
18:01 Castle Age
15:52 Horse Collar
16:47 Double-Bit Axe
18:37 Forging
21:31 Scale Barding Armor
23:26 Bloodlines
24:03 Bow Saw
25:25 Iron Casting
26:27 Gold Mining
27:20 Wheelbarrow
29:49 Chain Barding Armor
29:32 Husbandry
30:06 Hand Cart
32:24 Gold Shaft Mining
36:09 Imperial Age
33:50 Heavy Plow
36:29 Cavalier
38:12 Blast Furnace
37:47 Plate Barding Armor
37:36 Conscription
40:18 Two-Man Saw
39:21 Savar
41:43 Murder Holes
Maxiness
10:31 Feudal Age
9:18 Loom
16:08 Castle Age
17:39 Double-Bit Axe
19:00 Horse Collar
21:04 Fletching
22:35 Gold Mining
25:09 Heavy Plow
26:14 Wheelbarrow
25:28 Town Watch
26:03 Padded Archer Armor
27:29 Bodkin Arrow
27:50 Leather Archer Armor
28:49 Hand Cart
28:54 Bow Saw
30:03 Stone Mining
30:49 Gold Shaft Mining
30:26 Town Patrol
33:56 Imperial Age
32:19 Ballistics
31:55 Murder Holes
32:11 Masonry
33:11 Scale Barding Armor
33:17 Forging
33:41 Bloodlines
33:32 Husbandry
35:40 Chemistry
34:44 Bracer
35:05 Chain Barding Armor
34:22 Light Cavalry
35:28 Conscription
36:17 Hoardings
37:56 Stone Shaft Mining
36:47 Hussar
37:51 Elite Mangudai
39:30 Iron Casting
41:12 Blast Furnace
44:12 Parthian Tactics
54:54 Capped Ram
56:36 Drill
59:00 Siege Ram
Elite Viking
9:34 Loom
11:20 Feudal Age
12:33 Double-Bit Axe
12:33 Horse Collar
14:27 Fletching
18:56 Castle Age
18:00 Gold Mining
18:03 Stone Mining
19:37 Crossbowman
21:15 Heavy Plow
21:31 Bow Saw
22:25 Bodkin Arrow
22:22 Pikeman
24:17 Wheelbarrow
24:44 Gold Shaft Mining
23:44 Elite Skirmisher
26:18 Town Watch
26:43 Padded Archer Armor
27:02 Thumb Ring
27:28 Ballistics
28:21 Hand Cart
29:28 Leather Archer Armor
31:03 Scale Mail Armor
31:09 Squires
34:19 Imperial Age
32:34 Stone Shaft Mining
32:51 Chain Mail Armor
33:29 Herbalism
36:07 Chemistry
35:33 Town Patrol
35:40 Elite Temple Guard
36:35 Siege Engineers
36:48 Forging
36:47 Arbalester
37:54 Conscription
38:08 Bracer
39:16 Plate Mail Armor
38:49 Capped Ram
40:36 Iron Casting
46:37 Elite Guecha Warrior
THmasterchief
4:55 Loom
15:18 Feudal Age
15:53 Double-Bit Axe
15:49 Horse Collar
16:48 Wheelbarrow
23:16 Castle Age
21:34 Gold Mining
22:24 Stone Mining
25:56 Bow Saw
27:09 Stone Shaft Mining
26:42 Heavy Plow
27:01 Caravan
29:59 Hand Cart
29:41 Fletching
30:51 Light Cavalry
38:00 Imperial Age
36:46 Masonry
37:14 Ballistics
37:14 Fortified Wall
37:02 Murder Holes
36:57 Pikeman
39:21 Conscription
39:38 Hoardings
39:39 Husbandry
39:52 Bloodlines
39:05 Cavalier
39:16 Elite Skirmisher
40:03 Thumb Ring
40:42 Architecture
41:14 Chemistry
40:22 Town Watch
41:53 Town Patrol
41:37 Paladin
41:48 Halberdier
42:28 Squires
48:38 Scale Barding Armor
48:29 Bodkin Arrow
48:45 Forging
49:47 Chain Barding Armor
51:51 Iron Casting
52:20 Plate Barding Armor
54:43 Blast Furnace
Connection lost

Rejoining the realm…

Still unreachable

The connection could not be restored.

Session expired

The server has moved on; the page needs a fresh start.